| TOP OF THE 1ST |
|
Puerto Barrios Generals batting - Pitching for Monterrey Lasers : LHP Neil Bryant
|
|
Pitching: LHP Neil Bryant
|
|
|
Batting: SHB Vince Coleman
|
0-0: Ball 1-0: Ball 2-0: Foul Ball, location: 2F 2-1: Fly out, F7 (Flyball, 78D, EV 84.4 MPH)
|
|
Batting: LHB Andy Guerrero
|
0-0: Ball 1-0: Ball 2-0: Bunted foul 2-1: Foul Ball, location: 2F 2-2: Ball 3-2: DOUBLE (Line Drive, 89D, EV 106.3 MPH)
|
|
Batting: LHB Randy Bush
|
0-0: Called Strike 0-1: Ball 1-1: Foul Ball, location: 2F 1-2: Foul Ball, location: 2F 1-2: Strikes out swinging
|
|
Batting: RHB Mike Diaz
|
0-0: DOUBLE (Line Drive, 78M, EV 97.5 MPH) Andy Guerrero scores
|
|
Batting: LHB Martino Martin
|
0-0: Ground out 4-3 (Groundball, 4S, EV 86.9 MPH)
|
| Top of the 1st over - 1 run, 2 hits, 0 errors, 1 left on base; Puerto Barrios 1 - Monterrey 0 |
| BOTTOM OF THE 1ST |
|
Monterrey Lasers batting - Pitching for Puerto Barrios Generals : RHP Bill Aguilar
|
|
Pitching: RHP Bill Aguilar
|
|
|
Batting: LHB Lenny Dykstra
|
0-0: Ground out 4-3 (Groundball, 34, EV 89.4 MPH)
|
|
Batting: RHB Bob Brower
|
0-0: Ball 1-0: Ball 2-0: Called Strike 2-1: Foul Ball, location: 2F 2-2: Foul Ball, location: 2F 2-2: Foul Ball, location: 2F 2-2: Foul Ball, location: 2F 2-2: Ball 3-2: Strikes out swinging
|
|
Batting: LHB Terry Francona
|
0-0: Foul Ball, location: 2F 0-1: Called Strike 0-2: Foul Ball, location: 2F 0-2: Foul Ball, location: 2F 0-2: Ball 1-2: Foul Ball, location: 2F 1-2: Foul Ball, location: 2F 1-2: Foul Ball, location: 2F 1-2: Ground out 6-3 (Groundball, 6, EV 78.8 MPH)
|
| Bottom of the 1st over - 0 runs, 0 hits, 0 errors, 0 left on base; Puerto Barrios 1 - Monterrey 0 |
| TOP OF THE 2ND |
|
Puerto Barrios Generals batting - Pitching for Monterrey Lasers : LHP Neil Bryant
|
|
Batting: LHB Pedro Rabassa
|
0-0: Called Strike 0-1: Called Strike 0-2: Strikes out swinging
|
|
Batting: SHB Doug Baker
|
0-0: Called Strike 0-1: Ball 1-1: Ball 2-1: Ball 3-1: Foul Ball, location: 2F 3-2: Strikes out looking
|
|
Batting: RHB Mark Sproesser
|
0-0: Ball 1-0: Foul Ball, location: 2F 1-1: Called Strike 1-2: Strikes out swinging
|
| Top of the 2nd over - 0 runs, 0 hits, 0 errors, 0 left on base; Puerto Barrios 1 - Monterrey 0 |
| BOTTOM OF THE 2ND |
|
Monterrey Lasers batting - Pitching for Puerto Barrios Generals : RHP Bill Aguilar
|
|
Batting: RHB Kirby Puckett
|
0-0: Ball 1-0: Ball 2-0: Foul Ball, location: 2F 2-1: Ball 3-1: Foul Ball, location: 2F 3-2: Foul Ball, location: 2F 3-2: Ground out 5-3 (Groundball, 5S, EV 76.3 MPH)
|
|
Batting: LHB Mike Kingery
|
0-0: Called Strike 0-1: Swinging Strike 0-2: Strikes out swinging
|
|
Batting: RHB Juan Alvarez
|
0-0: Ball 1-0: Ball 2-0: Ball 3-0: Called Strike 3-1: Base on Balls
|
|
Batting: RHB Gil Marquez
|
0-0: Called Strike 0-1: Ball 1-1: Ball 2-1: Fielders Choice at 2nd, U4 (Groundball, 4M, EV 84.4 MPH)
|
| Bottom of the 2nd over - 0 runs, 0 hits, 0 errors, 1 left on base; Puerto Barrios 1 - Monterrey 0 |
| TOP OF THE 3RD |
|
Puerto Barrios Generals batting - Pitching for Monterrey Lasers : LHP Neil Bryant
|
|
Batting: LHB Alex Mata
|
0-0: Ball 1-0: Foul Ball, location: 2F 1-1: Called Strike 1-2: SINGLE (Groundball, 4MD, EV 101.9 MPH)
|
|
Batting: SHB Vince Coleman
|
0-0: Ball 1-0: Ball 2-0: Foul Ball, location: 2F 2-1: Ball Pickoff Throw by Catcher to First - Out! 3-1: Called Strike 3-2: Base on Balls
|
|
Batting: LHB Andy Guerrero
|
0-0: Ball 1-0: Swinging Strike 1-1: Foul Ball, location: 2F 1-2: Ball Vince Coleman steals 2nd base 2-2: Strikes out swinging
|
|
Batting: LHB Randy Bush
|
0-0: Ball 1-0: Fly out, F5 (Line Drive, 5, EV 65.6 MPH)
|
| Top of the 3rd over - 0 runs, 1 hit, 0 errors, 1 left on base; Puerto Barrios 1 - Monterrey 0 |
| BOTTOM OF THE 3RD |
|
Monterrey Lasers batting - Pitching for Puerto Barrios Generals : RHP Bill Aguilar
|
|
Batting: RHB Juan Castro
|
0-0: Called Strike 0-1: Ball 1-1: Ball 2-1: Ball 3-1: Foul Ball, location: 2F 3-2: Strikes out looking
|
|
Batting: RHB Bob Melvin
|
0-0: Called Strike 0-1: Fly out, F4 (Flyball, 4D, EV 71.9 MPH)
|
|
Batting: LHB Lenny Dykstra
|
0-0: Bunt missed! 0-1: Ground out U3 (Groundball, 3, EV 109.4 MPH)
|
| Bottom of the 3rd over - 0 runs, 0 hits, 0 errors, 0 left on base; Puerto Barrios 1 - Monterrey 0 |
| TOP OF THE 4TH |
|
Puerto Barrios Generals batting - Pitching for Monterrey Lasers : LHP Neil Bryant
|
|
Batting: RHB Mike Diaz
|
0-0: Called Strike 0-1: SOLO HOME RUN (Flyball, 7D, EV 96.9 MPH), Distance : 388 ft
|
|
Batting: LHB Martino Martin
|
0-0: Ball 1-0: Ball 2-0: Foul Ball, location: 2F 2-1: Swinging Strike 2-2: Foul Ball, location: 2F 2-2: Foul Ball, location: 2F 2-2: Fly out, F8 (Flyball, 8RM, EV 90.0 MPH)
|
|
Batting: LHB Pedro Rabassa
|
0-0: SOLO HOME RUN (Flyball, 9LD, EV 92.5 MPH), Distance : 373 ft
|
|
Batting: SHB Doug Baker
|
0-0: Called Strike 0-1: Ball 1-1: Swinging Strike 1-2: Ball 2-2: Foul Ball, location: 2F 2-2: Strikes out swinging
|
|
Batting: RHB Mark Sproesser
|
0-0: Called Strike 0-1: Called Strike 0-2: Ball 1-2: Ball 2-2: Ball 3-2: Base on Balls
|
|
Batting: LHB Alex Mata
|
0-0: Ball 1-0: Called Strike 1-1: Called Strike 1-2: Fly out, F3 (Popup, 3S, EV 72.5 MPH)
|
| Top of the 4th over - 2 runs, 2 hits, 0 errors, 1 left on base; Puerto Barrios 3 - Monterrey 0 |
| BOTTOM OF THE 4TH |
|
Monterrey Lasers batting - Pitching for Puerto Barrios Generals : RHP Bill Aguilar
|
|
Batting: RHB Bob Brower
|
0-0: Swinging Strike 0-1: Called Strike 0-2: Ball 1-2: Ball 2-2: Foul Ball, location: 2F 2-2: Foul Ball, location: 2F 2-2: Strikes out swinging
|
|
Batting: LHB Terry Francona
|
0-0: Called Strike 0-1: Called Strike 0-2: Strikes out swinging
|
|
Batting: RHB Kirby Puckett
|
0-0: Called Strike 0-1: TRIPLE (Flyball, 89XD, EV 99.4 MPH)
|
|
Batting: LHB Mike Kingery
|
0-0: Ball 1-0: Called Strike 1-1: Foul Ball, location: 2F 1-2: SINGLE (Groundball, 4MD, EV 100.0 MPH) Kirby Puckett scores
|
|
Batting: RHB Juan Alvarez
|
0-0: DOUBLE (Flyball, 7LD, EV 109.4 MPH) Mike Kingery to third Runner from 3rd tries for Home, SAFE, throw by LF to home
|
|
Batting: RHB Gil Marquez
|
0-0: Ball 1-0: Swinging Strike 1-1: SINGLE (Groundball, 5D, EV 97.5 MPH) Juan Alvarez to third Runner from 3rd tries for Home, SAFE, throw by LF to home
|
|
Batting: RHB Juan Castro
|
0-0: Ball 1-0: Ground out 4-3 (Groundball, 34, EV 81.9 MPH)
|
| Bottom of the 4th over - 3 runs, 4 hits, 0 errors, 1 left on base; Puerto Barrios 3 - Monterrey 3 |
| TOP OF THE 5TH |
|
Puerto Barrios Generals batting - Pitching for Monterrey Lasers : LHP Neil Bryant
|
|
Batting: SHB Vince Coleman
|
0-0: Ball 1-0: Called Strike 1-1: Foul Ball, location: 2F 1-2: SINGLE (Flyball, 6D, EV 96.9 MPH)
|
|
Batting: LHB Andy Guerrero
|
0-0: Ball 1-0: Called Strike 1-1: Ball 2-1: Foul Ball, location: 2F 2-2: Ball 3-2: Foul Ball, location: 2F 3-2: Foul Ball, location: 2F 3-2: Fly out, F3 (Popup, 34, EV 83.1 MPH)
|
|
Batting: LHB Randy Bush
|
0-0: Ball 1-0: Ball 2-0: Ball 3-0: Base on Balls Vince Coleman to second
|
|
Batting: RHB Mike Diaz
|
0-0: Called Strike 0-1: Foul Ball, location: 2F 0-2: Strikes out swinging
|
|
Batting: LHB Martino Martin
|
0-0: Ball 1-0: Ball 2-0: Called Strike 2-1: Swinging Strike 2-2: Fly out, F6 (Line Drive, 6, EV 63.1 MPH)
|
| Top of the 5th over - 0 runs, 1 hit, 0 errors, 2 left on base; Puerto Barrios 3 - Monterrey 3 |
| BOTTOM OF THE 5TH |
|
Monterrey Lasers batting - Pitching for Puerto Barrios Generals : RHP Bill Aguilar
|
|
Batting: RHB Bob Melvin
|
0-0: Ball 1-0: Ball 2-0: Called Strike 2-1: Ground out 6-3 (Groundball, P, EV 76.9 MPH)
|
|
Batting: LHB Lenny Dykstra
|
0-0: Fly out, F9 (Flyball, 89M, EV 79.4 MPH)
|
|
Batting: RHB Bob Brower
|
0-0: Swinging Strike 0-1: Ball 1-1: Fly out, F8 (Flyball, 8LD, EV 83.8 MPH)
|
| Bottom of the 5th over - 0 runs, 0 hits, 0 errors, 0 left on base; Puerto Barrios 3 - Monterrey 3 |
| TOP OF THE 6TH |
|
Puerto Barrios Generals batting - Pitching for Monterrey Lasers : LHP Neil Bryant
|
|
Batting: LHB Pedro Rabassa
|
0-0: Ball 1-0: Foul Ball, location: 2F 1-1: Foul Ball, location: 2F 1-2: Ground out U3 (Groundball, 3, EV 103.1 MPH)
|
|
Batting: SHB Doug Baker
|
0-0: Called Strike 0-1: Swinging Strike 0-2: Strikes out swinging
|
|
Batting: RHB Mark Sproesser
|
0-0: Ball 1-0: Ball 2-0: Called Strike 2-1: Foul Ball, location: 2F 2-2: Foul Ball, location: 2F 2-2: Strikes out looking
|
| Top of the 6th over - 0 runs, 0 hits, 0 errors, 0 left on base; Puerto Barrios 3 - Monterrey 3 |
| BOTTOM OF THE 6TH |
|
Monterrey Lasers batting - Pitching for Puerto Barrios Generals : RHP Bill Aguilar
|
|
Batting: LHB Terry Francona
|
0-0: SINGLE (Groundball, 5S, EV 61.9 MPH) (infield hit)
|
|
Batting: RHB Kirby Puckett
|
0-0: DOUBLE (Flyball, 8RXD, EV 91.9 MPH) Terry Francona to third
|
|
Batting: LHB Mike Kingery
|
0-0: Ball 1-0: Called Strike 1-1: Fly out, F7 (Line Drive, 7, EV 103.1 MPH) Runner from 3rd tags up, SCORES, throw by LF
|
|
Batting: RHB Juan Alvarez
|
0-0: Ball 1-0: Swinging Strike 1-1: Called Strike 1-2: Ball 2-2: Foul Ball, location: 2F 2-2: Foul Ball, location: 2F 2-2: SINGLE (Groundball, 6D, EV 103.1 MPH) Kirby Puckett to third Runner from 3rd tries for Home, SAFE, throw by LF to home
|
|
Pitching: RHP Steve Daniels
|
|
|
Batting: RHB Gil Marquez
|
0-0: Ball 1-0: Ground out 6-3 (Groundball, 6, EV 86.9 MPH) Juan Alvarez to second
|
|
Batting: RHB Juan Castro
|
0-0: Called Strike 0-1: Ball 1-1: Fly out, F8 (Flyball, 89M, EV 80.6 MPH)
|
| Bottom of the 6th over - 2 runs, 3 hits, 0 errors, 1 left on base; Puerto Barrios 3 - Monterrey 5 |
| TOP OF THE 7TH |
|
Puerto Barrios Generals batting - Pitching for Monterrey Lasers : LHP Neil Bryant
|
|
Batting: LHB Alex Mata
|
0-0: Ball 1-0: Ball 2-0: Ball 3-0: Base on Balls
|
|
Batting: SHB Vince Coleman
|
0-0: Ball 1-0: Called Strike 1-1: Foul Ball, location: 2F 1-2: Strikes out looking
|
|
Batting: LHB Andy Guerrero
|
0-0: Called Strike 0-1: Foul Ball, location: 2F 0-2: Strikes out swinging
|
|
Batting: LHB Randy Bush
|
0-0: Ball Alex Mata is caught stealing 2nd base 2-6
|
| Top of the 7th over - 0 runs, 0 hits, 0 errors, 0 left on base; Puerto Barrios 3 - Monterrey 5 |
| BOTTOM OF THE 7TH |
|
Monterrey Lasers batting - Pitching for Puerto Barrios Generals : RHP Steve Daniels
|
|
Batting: RHB Bob Melvin
|
0-0: Ball 1-0: Ball 2-0: Ball 3-0: Called Strike 3-1: Fly out, F9 (Flyball, 9D, EV 92.5 MPH)
|
|
Batting: LHB Lenny Dykstra
|
0-0: Ball 1-0: Ball 2-0: Swinging Strike 2-1: Ground out 4-3 (Groundball, 34D, EV 101.9 MPH)
|
|
Batting: RHB Bob Brower
|
0-0: Ball 1-0: Ball 2-0: Swinging Strike 2-1: Foul Ball, location: 2F 2-2: Ball 3-2: Base on Balls
|
|
Batting: LHB Terry Francona
|
0-0: Ball 1-0: Ground out U3 (Groundball, 3S, EV 80.0 MPH)
|
| Bottom of the 7th over - 0 runs, 0 hits, 0 errors, 1 left on base; Puerto Barrios 3 - Monterrey 5 |
| TOP OF THE 8TH |
|
Puerto Barrios Generals batting - Pitching for Monterrey Lasers : LHP Neil Bryant
|
|
Batting: LHB Randy Bush
|
0-0: Ground out 5-3 (Groundball, 56, EV 91.9 MPH)
|
|
Batting: RHB Mike Diaz
|
0-0: DOUBLE (Flyball, 78XD, EV 103.8 MPH) - OUT at third base trying to stretch hit.
|
|
Batting: LHB Martino Martin
|
0-0: Swinging Strike 0-1: Called Strike 0-2: Fly out, F8 (Line Drive, 8RD, EV 95.0 MPH)
|
| Top of the 8th over - 0 runs, 1 hit, 0 errors, 0 left on base; Puerto Barrios 3 - Monterrey 5 |
| BOTTOM OF THE 8TH |
|
Monterrey Lasers batting - Pitching for Puerto Barrios Generals : RHP Steve Daniels
|
|
Batting: RHB Kirby Puckett
|
0-0: Called Strike 0-1: Swinging Strike 0-2: Ball 1-2: Hit by Pitch
|
|
Batting: LHB Mike Kingery
|
0-0: Foul Ball, location: 2F 0-1: Ball 1-1: Ball 2-1: Foul Ball, location: 2F 2-2: Fielders Choice at 2nd, 6-4 (Groundball, 6M, EV 85.6 MPH)
|
|
Pitching: LHP John Cerutti
|
|
|
Batting: RHB Juan Alvarez
|
0-0: Foul Ball, location: 2F 0-1: Swinging Strike 0-2: Ball 1-2: Foul Ball, location: 2F 1-2: Ball 2-2: Ball 3-2: Base on Balls Mike Kingery to second
|
|
Batting: RHB Gil Marquez
|
0-0: Ball Mike Kingery steals 3rd base Juan Alvarez to second 1-0: Foul Ball, location: 2F 1-1: Ground out 4-3 (Groundball, 4, EV 76.9 MPH) Mike Kingery scores Juan Alvarez to third
|
|
Batting: RHB Juan Castro
|
0-0: Called Strike 0-1: Swinging Strike 0-2: Ground out 1-3 (Groundball, P, EV 62.5 MPH)
|
| Bottom of the 8th over - 1 run, 0 hits, 0 errors, 1 left on base; Puerto Barrios 3 - Monterrey 6 |
| TOP OF THE 9TH |
|
Puerto Barrios Generals batting - Pitching for Monterrey Lasers : LHP Neil Bryant
|
|
Pitching: RHP Bob Cabrera
|
|
|
Batting: LHB Pedro Rabassa
|
0-0: Ball 1-0: Called Strike 1-1: Fly out, F9 (Line Drive, 9, EV 89.4 MPH)
|
|
Batting: SHB Doug Baker
|
0-0: Called Strike 0-1: Ground out 4-3 (Groundball, 4, EV 108.8 MPH)
|
|
Batting: RHB Mark Sproesser
|
0-0: SINGLE (Groundball, 34S, EV 83.8 MPH) (infield hit)
|
|
Batting: LHB Alex Mata
|
0-0: Called Strike 0-1: Fielders Choice at 2nd, 5-4 (Groundball, 5, EV 78.1 MPH)
|
| Top of the 9th over - 0 runs, 1 hit, 0 errors, 1 left on base; Puerto Barrios 3 - Monterrey 6 |
|